 Dungeon Sprint DCSS version 0.29-a0-275-g389c0b56f3 (webtiles) character file.

Game seed: 4135665757508768455

190 mhtbhm the Cleaver (level 5, -4/57 HPs)
             Began as a Minotaur Berserker on Mar 12, 2022.
             Was a Priest of Trog.
             Slain by a sixfirhy (14 damage)
             ... summoned by a kobold demonologist
             ... in the Dungeon (Sprint III: "The Ten Rune Challenge").
             The game lasted 00:00:37 (375 turns).

mhtbhm the Cleaver (Minotaur Berserker)              Turns: 375, Time: 00:00:38

Health: -4/57      AC:  2    Str: 24    XL:     5   Next: 41%
Magic:  4/4        EV: 13    Int:  4    God:    Trog [***...]
Gold:   15         SH:  0    Dex:  9    Spells: 4/4 levels left

rFire   . . .      SeeInvis .   a - +0 hand axe
rCold   . . .      Faith    .   (no shield)
rNeg    . . .      Spirit   .   b - +0 animal skin
rPois   .          Reflect  .   (helmet restricted)
rElec   .          Harm     .   (no cloak)
rCorr   .          Rampage  .   (no gloves)
Will    .....      NoTele   +   (no boots)
Stlth   +.........              (no amulet)
HPRegen 0.19/turn               (no ring)
MPRegen 0.09/turn               (no ring)

@: on berserk cooldown, slowed, very slow
A: horns 2, retaliatory headbutt, fangs 1
a: Renounce Religion, Berserk, Trog's Hand


You were in the Dungeon.
You worshipped Trog.
Trog was most pleased with you.
You visited 1 branch You collected 15 gold pieces.

Inventory:

Hand Weapons
 a - a +0 hand axe (weapon)
Armour
 b - a +0 animal skin (worn)
Jewellery
 j - a ring of ice
Scrolls
 h - a scroll of blinking
 i - a scroll of vulnerability {unknown}
 k - a scroll of immolation {unknown}
 l - a scroll of identify {unknown}
 n - a scroll of holy word {unknown}
 o - a scroll of fog {unknown}
Potions
 c - a potion of curing
 d - 2 potions of heal wounds
 e - a potion of haste
 f - 2 potions of magic
 g - a potion of berserk rage
 m - 3 potions of flight
 p - 3 potions of mutation


   Skills:
 + Level 9.1 Fighting
 + Level 9.2 Axes
 + Level 4.9 Armour
 + Level 4.6 Dodging


You had 4 spell levels left.
You didn't know any spells.
Your spell library was empty.

Dungeon Overview and Level Annotations

Branches:
Dungeon (1/1)

Altars:
Kikubaaqudgha
Sif Muna
Vehumet


Innate Abilities, Weirdness & Mutations

You have a pair of horns on your head.
You reflexively headbutt those who attack you in melee.
You have very sharp teeth.


Message History

You kill the wizard!
Trog accepts your kill.
Trog appreciates your killing of a magic user.
The kobold demonologist casts a spell.
Your Fighting skill increases to level 9!
Your Axes skill increases to level 9!
You slice the crimson imp!!
You kill the crimson imp!
The crimson imp disappears in a puff of smoke!
Unknown command.
The ufetubus disappears in a puff of smoke!
The sixfirhy hits you! The sixfirhy shocks you! The sixfirhy hits you.
The sixfirhy shocks you!
The kobold demonologist gestures wildly while chanting.
The sixfirhy misses you. You furiously retaliate!
You headbutt the sixfirhy!
Unknown command.
You barely miss the sixfirhy. Your headbutt misses the sixfirhy.
The sixfirhy is moderately wounded.
You slash the white imp!
You kill the white imp!
The white imp disappears in a puff of smoke! x2
The sixfirhy hits you! The sixfirhy shocks you!
* * * LOW HITPOINT WARNING * * *
The sixfirhy hits you but does no damage.
You miss the sixfirhy.
The sixfirhy is moderately wounded.
Unknown command.
You hit the sixfirhy.
The sixfirhy is moderately wounded.
You miss the sixfirhy. You bite the sixfirhy.
The sixfirhy is moderately wounded.
You are no longer berserk.
You are exhausted.
You feel yourself slow down.
Unknown command.
You miss the sixfirhy. Your headbutt misses the sixfirhy.
Your bite misses the sixfirhy.
The sixfirhy is moderately wounded.
The sixfirhy hits you!
You die...

.#...#### ##.#
.#......#####..#
##...)...#..#..#
.##.##...#..#..###+#+###+#
.##.###..##'#..#..........
####.##..###...'.⌠........
##..##..####...#)..######+
....##..###....#.⌠.#
#..##...##.....#@§.#
..##....#......#3###
.###..##.#†....#K5 .# #..
####....#5__ ▓▓ ▓▓▓
▓▓▓▓▓▓▓▓▓▓


You could see a kobold demonologist, a sixfirhy (summoned), a quasit (summoned)
and a shadow imp (summoned).

Vanquished Creatures
  A scorpion (D)
  A water elemental (D)
  Jessica (D)
  A wizard (D)
  A human (D)
  An endoplasm (D)
  2 rats (D)
8 creatures vanquished.

Notes
Turn   | Place    | Note
-------+----------+-------------------------------------------
     0 | D        | mhtbhm the Minotaur Berserker began the quest for the Orb.
     0 | D        | Reached XP level 1. HP: 19/19 MP: 0/0
   133 | D        | Noticed Jessica
   139 | D        | Killed Jessica
   139 | D        | Reached ** piety under Trog
   140 | D        | Reached skill level 5 in Fighting
   140 | D        | Reached skill level 5 in Axes
   140 | D        | Reached XP level 2. HP: 30/30 MP: 1/1
   199 | D        | Reached XP level 3. HP: 37/37 MP: 2/2
   203 | D        | Noticed a scorpion
   208 | D        | Killed a scorpion
   209 | D        | Reached XP level 4. HP: 47/47 MP: 3/3
   251 | D        | Gained mutation: You have very sharp teeth. [potion of
                  | mutation]
   274 | D        | Noticed a water elemental
   280 | D        | Killed a water elemental
   280 | D        | Reached *** piety under Trog
   281 | D        | Reached XP level 5. HP: 56/56 MP: 4/4
   362 | D        | Found a radiant altar of Vehumet.
   362 | D        | Found a shimmering blue altar of Sif Muna.
   362 | D        | Found an ancient bone altar of Kikubaaqudgha.
   369 | D        | Noticed a sixfirhy
   375 | D        | Slain by a sixfirhy

Illustrated notes

Levels and vault maps discovered:
D:        dungeon_sprint_mu [sprint_mu_entry_cave, sprint_mu_temple_rooms,
          sprint_mu_d1_spiders, sprint_mu_d2_genie, sprint_mu_d3_branching,
          sprint_mu_orc_legion, sprint_mu_elf_gauntlet, sprint_mu_hive_nellie,
          sprint_mu_lair_fedhas, sprint_mu_vaults_butterflies,
          sprint_mu_slime_circle, sprint_mu_swamp_cave, sprint_mu_shoals_archi,
          sprint_mu_blade_basic, sprint_mu_crypt_lich, sprint_mu_tomb_spiral,
          sprint_mu_vestibule_basic, sprint_mu_gehenna_hellfire,
          sprint_mu_dis_giant, sprint_mu_tartarus_statrot,
          sprint_mu_cocytus_islands, sprint_mu_zot1]

Skill      XL: |  1  2  3  4  5 |
---------------+----------------+-----
Fighting       | 5 7 8 9 |  9.1
Axes           | 5 7 8 9 |  9.2
Armour         | 3 4 |  4.9
Dodging        | 3 4 |  4.6

Action                   |  1- 3 |  4- 6 || total
-------------------------+-------+-------++-------
Melee: Hand axe          |    12 |    21 ||    33
       Headbutt          |     2 |     2 ||     4
       Bite              |       |     2 ||     2
Invok: Berserk           |     2 |     2 ||     4
  Use: Potion            |       |     1 ||     1
Armor: Animal skin       |     1 |     3 ||     4
Dodge: Dodged            |     5 |     4 ||     9

Table legend: (Time is in decaauts)
 A = Elapsed time spent in this place.
 B = Non-inter-level travel time spent in this place.
 C = Inter-level travel time spent in this place.
 D = Time resting spent in this place.
 E = Time spent auto-exploring this place.
 F = Levels seen in this place.
 G = Mean time per level.
                   A        B        C        D        E       F      G
               +--------+--------+--------+--------+--------+-----+--------+
         Total |    401 |    401 |      0 |    172 |    123 |   1 |  401.0 |
       Dungeon |    401 |    401 |      0 |    172 |    123 |   1 |  401.0 |
               +--------+--------+--------+--------+--------+-----+--------+

Top non-repeatable levels by time:
       D: 401 daAuts
